 Dungeon Crawl Stone Soup version 0.26.1-2-gb8aa6d0cf2 (webtiles) character file.

Game seed: 882711067258237912

4387 Alarak the Blocker (level 10, 0/82 HPs)
             Began as a Gnoll Fighter on Mar 22, 2021.
             Was a Follower of Qazlal.
             Slain by a tarantella (shapeshifter) (7 damage)
             ... on level 8 of the Dungeon.
             The game lasted 00:36:20 (12107 turns).

Alarak the Blocker (Gnoll Fighter)                 Turns: 12107, Time: 00:36:20

Health: 0/82       AC: 10    Str: 21    XL:     10   Next: 35%
Magic:  17/17      EV: 18    Int: 12    God:    Qazlal [*.....]
Gold:   574        SH:  0    Dex: 20    Spells: 16/19 levels left

rFire    . . .     SeeInvis .   p - +4 quarterstaff (chaos)
rCold    . . .     Faith    .   (shield currently unavailable)
rNeg     . . .     Spirit   .   b - +1 scale mail
rPois    .         Reflect  .   (helmet currently unavailable)
rElec    .         Harm     .   G - +0 cloak
rCorr    .         Rampage  .   (no gloves)
Will     .....                  (boots currently unavailable)
Stlth    ..........             (no amulet)
HPRegen  0.23/turn              m - +6 ring of dexterity
MPRegen  0.15/turn              l - +4 ring of evasion

@: confused, appendages (expiring)
A: distributed training, fangs 1, horns 2, talons 2, strong nose
a: End Transformation, Renounce Religion


You were on level 8 of the Dungeon.
You worshipped Qazlal.
Qazlal was aware of your devotion.
You had grown temporary horns.
You had grown temporary talons.
You visited 2 branches of the dungeon, and saw 9 of its levels.

You collected 574 gold pieces.

Inventory:

Hand Weapons
 a - a +0 long sword
 p - a +4 quarterstaff of chaos (weapon)
 r - a +1 short sword of electrocution
 s - a +1 rapier of protection
 E - a +2 dagger of protection
 K - a +0 hand axe
 L - a +0 shortbow
Missiles
 n - a throwing net
 A - 7 poisoned darts (quivered)
 M - 96 arrows
Armour
 b - a +1 scale mail (worn)
 c - a +0 kite shield
 d - a +2 robe of resistance
 G - a +0 cloak (worn)
Jewellery
 j - an uncursed ring of protection from fire
 l - a +4 ring of evasion (right hand)
 m - a +6 ring of dexterity (left hand)
 z - an uncursed ring of magical power
Wands
 v - a wand of polymorph (9)
 D - a wand of flame (21)
 F - a wand of digging (7)
 H - a wand of paralysis (8)
 I - a wand of random effects (19)
 J - a wand of acid (12)
Scrolls
 e - 2 scrolls of remove curse
 g - 2 scrolls of magic mapping
 k - 9 scrolls of identify
 o - 2 scrolls of enchant armour
 q - 2 scrolls of fog
 x - 2 scrolls of enchant weapon {unknown}
 y - 5 scrolls of teleportation {unknown}
 O - a scroll of vulnerability {unknown}
Potions
 f - 3 potions of haste
 h - 4 potions of heal wounds {unknown}
 i - a potion of magic {unknown}
 t - 4 potions of might
 u - a potion of degeneration {unknown}
 w - 4 potions of curing
 B - a potion of cancellation {unknown}
 C - 2 potions of flight {unknown}
 N - a potion of ambrosia {unknown}


   Skills:
 + Level 8.4 Fighting
 + Level 5.2 Short Blades
 + Level 7.0 Long Blades
 + Level 5.2 Axes
 + Level 5.2 Maces & Flails
 + Level 5.2 Polearms
 + Level 5.2 Staves
 + Level 5.2 Slings
 + Level 5.2 Bows
 + Level 5.2 Crossbows
 + Level 5.2 Throwing
 + Level 8.4 Armour
 + Level 5.2 Dodging
 + Level 5.2 Stealth
 + Level 8.4 Shields
 + Level 5.2 Unarmed Combat
 + Level 5.2 Spellcasting
 + Level 4.3 Conjurations
 + Level 4.3 Hexes
 + Level 4.3 Summonings
 + Level 4.3 Necromancy
 + Level 4.3 Translocations
 + Level 4.3 Transmutations
 + Level 4.3 Fire Magic
 + Level 4.3 Ice Magic
 + Level 4.3 Air Magic
 + Level 4.3 Earth Magic
 + Level 4.3 Poison Magic
 + Level 5.7 Invocations
 + Level 5.2 Evocations


You had 16 spell levels left.
You knew the following spells:

 Your Spells              Type           Power        Failure   Level
a - Wereblood             Tmut           13%          12%         2
b - Beastly Appendage     Tmut           26%          8%          1

Your spell library contained the following spells:

 Spells                   Type           Power        Failure   Level
 Corona                   Hex            14%          8%          1
 Foxfire                  Conj/Fire      52%          8%          1
 Corpse Rot               Necr/Air       N/A          12%         2
 Slow                     Hex            13%          12%         2
 Conjure Flame            Conj/Fire      13%          24%         3
 Inner Flame              Hex/Fire       13%          24%         3
 Portal Projectile        Hex/Tloc       26%          24%         3
 Spider Form              Tmut/Pois      6%           24%         3
 Cause Fear               Hex            6%           61%         4
 Ice Form                 Ice/Tmut       13%          61%         4
 Leda's Liquefaction      Hex/Erth       6%           61%         4
 Sticky Flame             Conj/Fire      13%          61%         4
 Blade Hands              Tmut           6%           91%         5
 Fireball                 Conj/Fire      6%           91%         5


Dungeon Overview and Level Annotations

Branches:
Dungeon (8/15)             Temple (1/1) D:6
   Lair: D:8-11

Altars:
Ashenzari
Cheibriados
Dithmenos
Elyvilon
Fedhas
Hepliaklqana
Kikubaaqudgha
Makhleb
Nemelex Xobeh
Okawaru
Qazlal
Ru
Sif Muna
Trog
Uskayaw
Vehumet
Wu Jian
Xom
Yredelemnul
Zin
The Shining One

Shops:
D:5 [   D:6 *

Annotations:
D:7 3 runed translucent doors, nightchill's ghost, novice MfGl; rnawigator's ghost, novice TeAE


Innate Abilities, Weirdness & Mutations

Your experience applies equally to all skills.
You have very sharp teeth.
Your uncanny sense of smell can sniff out nearby items.
You have a pair of horns on your head.
You have razor-sharp toenails.


Message History

The salamander is heavily wounded.
The salamander misses you.
The salamander changes into a tarantella!
You are too injured to fight recklessly!
The tarantella bites you!
* * * LOW HITPOINT WARNING * * *
You are confused.
You bump into the rock wall.
The tarantella bites you!
* * * LOW HITPOINT WARNING * * *
You are more confused.
You are too confused!
You bump into the rock wall.
The tarantella misses you. The tarantella closely misses you.
Your transformation is almost over.
The tarantella bites you!
* * * LOW HITPOINT WARNING * * *
You are more confused.
You're too confused to move!
The tarantella barely misses you.
You bump into the rock wall.
The tarantella bites you!
You die...

#.# #.# ####.####
###########.......#
#..............#...
##.########[#######
#.# #.......... #.#
#.#.####### #@#
#.#........ #s#
#.########. #.# #.#
#.. #.# #.# #..
#......#.#######..
######.#........>.
###########


You could see a tarantella shaped shifter.

Vanquished Creatures
  Prince Ribbit (D:7)
  Eustachio (D:5)
  A ynoxinul (D:5)
  Menkaure (D:6)
  3 water moccasins
  Duvessa (D:5)
  An orc warrior (D:7)
  2 sky beasts
  A phantom (D:7)
  4 ogres
  5 centaurs
  A necrophage (D:8)
  A big kobold (D:7)
  2 bullfrogs
  Blork the orc (D:5)
  A gnoll sergeant (D:7)
  Dowan (D:5)
  3 scorpions
  2 water moccasin skeletons
  2 howler monkeys (D:8)
  3 wights (D:7)
  3 vampire bats (D:3)
  4 hounds
  4 orc priests
  Crazy Yiuf (D:5)
  A bullfrog skeleton (D:6)
  9 orc wizards
  Jessica (D:2)
  A centaur skeleton (D:5)
  4 iguanas
  8 worker ants
  7 gnolls
  9 adders
  A shadow imp (D:7)
  3 white imps
  An ufetubus (D:7)
  2 oozes
  An adder zombie (D:5)
  3 worms
  5 dart slugs
  10 leopard geckos
  26 orcs
  10 bats
  A bat skeleton (D:3)
  5 bat zombies (D:3)
  6 giant cockroaches
  14 goblins
  4 hobgoblins
  8 jackals
  11 kobolds
  6 quokkas
  A ball python (D:3)
  2 frilled lizards
  3 quokka skeletons
  A quokka zombie (D:6)
  8 rats
222 creatures vanquished.

Vanquished Creatures (others)
  An orc wizard (D:5)
  6 withered plants (D:7)
7 creatures vanquished.

Grand Total: 229 creatures vanquished

Notes
Turn   | Place    | Note
-------+----------+-------------------------------------------
     0 | D:1      | Alarak the Gnoll Fighter began the quest for the Orb.
     0 | D:1      | Reached XP level 1. HP: 23/23 MP: 1/1
   224 | D:1      | Reached XP level 2. HP: 29/29 MP: 2/2
   998 | D:2      | Reached XP level 3. HP: 35/35 MP: 3/3
  1014 | D:2      | Reached skill level 1 in Invocations
  1140 | D:2      | Reached skill level 1 in Short Blades
  1140 | D:2      | Reached skill level 1 in Axes
  1140 | D:2      | Reached skill level 1 in Maces & Flails
  1140 | D:2      | Reached skill level 1 in Polearms
  1140 | D:2      | Reached skill level 1 in Staves
  1140 | D:2      | Reached skill level 1 in Slings
  1140 | D:2      | Reached skill level 1 in Bows
  1140 | D:2      | Reached skill level 1 in Crossbows
  1140 | D:2      | Reached skill level 1 in Throwing
  1140 | D:2      | Reached skill level 1 in Dodging
  1140 | D:2      | Reached skill level 1 in Stealth
  1140 | D:2      | Reached skill level 1 in Unarmed Combat
  1140 | D:2      | Reached skill level 1 in Spellcasting
  1140 | D:2      | Reached skill level 1 in Evocations
  1140 | D:2      | Reached XP level 4. HP: 40/41 MP: 5/5
  1171 | D:2      | Reached skill level 1 in Conjurations
  1171 | D:2      | Reached skill level 1 in Hexes
  1171 | D:2      | Reached skill level 1 in Summonings
  1171 | D:2      | Reached skill level 1 in Necromancy
  1171 | D:2      | Reached skill level 1 in Translocations
  1171 | D:2      | Reached skill level 1 in Transmutations
  1171 | D:2      | Reached skill level 1 in Fire Magic
  1171 | D:2      | Reached skill level 1 in Ice Magic
  1171 | D:2      | Reached skill level 1 in Air Magic
  1171 | D:2      | Reached skill level 1 in Earth Magic
  1171 | D:2      | Reached skill level 1 in Poison Magic
  1458 | D:2      | Reached XP level 5. HP: 41/47 MP: 5/7
  1560 | D:2      | Noticed Jessica
  1580 | D:2      | Killed Jessica
  1975 | D:2      | Identified Jessica's Guide on Stolen Souls
  2465 | D:3      | Found a bloodstained altar of Trog.
  2637 | D:3      | Reached XP level 6. HP: 53/53 MP: 8/8
  3162 | D:3      | Found an ancient bone altar of Kikubaaqudgha.
  3177 | D:3      | Reached skill level 5 in Long Blades
  3275 | D:3      | Reached XP level 7. HP: 41/59 MP: 10/10
  4590 | D:4      | Found a radiant altar of Vehumet.
  5067 | D:5      | Entered Level 5 of the Dungeon
  5078 | D:5      | Reached XP level 8. HP: 61/67 MP: 12/12
  5350 | D:5      | Noticed Blork the orc
  5366 | D:5      | Killed Blork the orc
  5398 | D:5      | Noticed Grinder
  5422 | D:5      | Noticed Grinder
  5422 | D:5      | Grinder changed into Grinder the ynoxinul
  5438 | D:5      | Killed Grinder the ynoxinul
  5905 | D:5      | Noticed Eustachio
  6001 | D:5      | Killed Eustachio
  6404 | D:5      | Found Viem Vuv's Armour Boutique.
  6718 | D:5      | Reached XP level 9. HP: 68/72 MP: 14/14
  7192 | D:5      | Found a runed translucent door.
  7192 | D:5      | Noticed Duvessa
  7193 | D:5      | Noticed Crazy Yiuf
  7193 | D:5      | Noticed Dowan
  7336 | D:5      | Killed Crazy Yiuf
  7343 | D:5      | Killed Duvessa
  7346 | D:5      | Killed Dowan
  7664 | D:6      | Found Tavaoklom's Elemental Accessories.
  7777 | D:6      | Noticed Menkaure
  7787 | D:6      | Killed Menkaure
  8042 | D:6      | Found a staircase to the Ecumenical Temple.
  8055 | Temple   | Entered the Ecumenical Temple
  8253 | Temple   | Became a worshipper of Qazlal Stormbringer
  8375 | D:6      | Found a glowing silver altar of Zin.
  8375 | D:6      | Found a hazy altar of Hepliaklqana.
  8375 | D:6      | Found an iron altar of Okawaru.
  9277 | D:7      | Found an ornate altar of the Wu Jian Council.
  9294 | D:7      | Reached skill level 5 in Invocations
  9778 | D:7      | Reached XP level 10. HP: 79/80 MP: 17/17
  9928 | D:7      | Reached skill level 5 in Short Blades
  9928 | D:7      | Reached skill level 5 in Axes
  9928 | D:7      | Reached skill level 5 in Maces & Flails
  9928 | D:7      | Reached skill level 5 in Polearms
  9928 | D:7      | Reached skill level 5 in Staves
  9928 | D:7      | Reached skill level 5 in Slings
  9928 | D:7      | Reached skill level 5 in Bows
  9928 | D:7      | Reached skill level 5 in Crossbows
  9928 | D:7      | Reached skill level 5 in Throwing
  9928 | D:7      | Reached skill level 5 in Dodging
  9928 | D:7      | Reached skill level 5 in Stealth
  9928 | D:7      | Reached skill level 5 in Unarmed Combat
  9928 | D:7      | Reached skill level 5 in Spellcasting
  9928 | D:7      | Reached skill level 5 in Evocations
  9935 | D:7      | Reached * piety under Qazlal
 10286 | D:7      | Noticed Prince Ribbit
 10312 | D:7      | Killed Prince Ribbit
 10648 | D:7      | Found a runed translucent gate.
 10648 | D:7      | Found a runed translucent gate.
 10651 | D:7      | Found a runed translucent gate.
 10651 | D:7      | Noticed nightchill's ghost (novice MfGl)
 10651 | D:7      | Noticed rnawigator's ghost (novice TeAE)
 10760 | D:8      | Learned a level 2 spell: Wereblood
 10762 | D:8      | Learned a level 1 spell: Beastly Appendage
 12090 | D:8      | Noticed a salamander
 12100 | D:8      | a salamander changed into a tarantella
 12107 | D:8      | Slain by a tarantella (shapeshifter)

Illustrated notes

Levels and vault maps discovered:
D:1:      dpeg_arrival_brainrot, layout_basic
D:2:      layout_basic, kennysheep_jessica_study
D:3:      minmay_angry_zag, layout_loops_ring, old_standard_altar,
          kennysheep_vampire_church
D:4:      layout_basic, vehumet_altar_wand_db, chequers_serial_rivers_room_b
D:5:      layout_loops_corners, serial_shops, shop, uniq_grinder,
          uniq_crazy_yiuf_cottage, uniq_eustachio, uniq_blork_the_orc,
          uniq_duvessa
D:6:      layout_loops_ring, minitemple, minmay_temple_entry_grid,
          nicolae_elemental_shop, minivault_5, kennysheep_minor_cross,
          uniq_menkaure
D:7:      layout_basic, general_overflow_altar, gammafunk_ghost_cemetery,
          minmay_misc_feat_iff, minmay_fractal_squares_diagonal_5,
          uniq_prince_ribbit1
D:8:      layout_basic, grunt_gozag_statues, ebering_ghost_rock_garden
Temple:   zaba_magenta_temple

Skill      XL: |  1  2  3  4  5  6  7  8  9 10 |
---------------+-------------------------------+-----
Invocations    | 1 2 3 4 5 |  5.7
Short Blades   | 1 2 3 4 5 |  5.2
Axes           | 1 2 3 4 5 |  5.2
Maces & Flails | 1 2 3 4 5 |  5.2
Polearms       | 1 2 3 4 5 |  5.2
Staves         | 1 2 3 4 5 |  5.2
Slings         | 1 2 3 4 5 |  5.2
Bows           | 1 2 3 4 5 |  5.2
Crossbows      | 1 2 3 4 5 |  5.2
Throwing       | 1 2 3 4 5 |  5.2
Dodging        | 1 2 3 4 5 |  5.2
Stealth        | 1 2 3 4 5 |  5.2
Unarmed Combat | 1 2 3 4 5 |  5.2
Spellcasting   | 1 2 3 4 5 |  5.2
Evocations     | 1 2 3 4 5 |  5.2
Conjurations   | 1 2 3 4 |  4.3
Hexes          | 1 2 3 4 |  4.3
Summonings     | 1 2 3 4 |  4.3
Necromancy     | 1 2 3 4 |  4.3
Translocations | 1 2 3 4 |  4.3
Transmutations | 1 2 3 4 |  4.3
Fire Magic     | 1 2 3 4 |  4.3
Ice Magic      | 1 2 3 4 |  4.3
Air Magic      | 1 2 3 4 |  4.3
Earth Magic    | 1 2 3 4 |  4.3
Poison Magic   | 1 2 3 4 |  4.3
Long Blades    | 5 6 7 |  7.0
Fighting       | 7 8 |  8.4
Armour         | 7 8 |  8.4
Shields        | 7 8 |  8.4

Action                   |  1- 3 |  4- 6 |  7- 9 | 10-12 || total
-------------------------+-------+-------+-------+-------++-------
Melee: Long sword        |    71 |    82 |       |       ||   153
       Bite              |     8 |    29 |    92 |    12 ||   141
       Rapier            |       |   104 |   139 |       ||   243
       Dagger            |       |       |   245 |       ||   245
       Quarterstaff      |       |       |   137 |    97 ||   234
       Unarmed           |       |       |     8 |       ||     8
       Kick              |       |       |       |     7 ||     7
       Headbutt          |       |       |       |     3 ||     3
 Fire: Shortbow          |       |       |       |    20 ||    20
 Cast: Beastly Appendage |       |       |       |     2 ||     2
       Wereblood         |       |       |       |     1 ||     1
Evoke: Wand              |       |       |     5 |       ||     5
  Use: Potion            |       |     1 |       |       ||     1
       Scroll            |       |       |    10 |       ||    10
 Stab: Sleeping          |       |       |     5 |       ||     5
       Confused          |       |       |     2 |       ||     2
       Distracted        |       |       |     1 |       ||     1
       Paralysed         |       |       |       |     1 ||     1
Armor: Scale mail        |    26 |   123 |   199 |    30 ||   378
Dodge: Dodged            |    25 |    72 |   286 |    88 ||   471
Block: Kite shield       |    44 |   131 |   245 |       ||   420
       Other             |       |       |       |     3 ||     3
       Rpst.: Long sword |     7 |     9 |       |       ||    16
